 Dungeon Crawl Stone Soup version 0.20.1-1-g8b1a95d (webtiles) character file.

8705 Lanoc the Slicer (level 11, -11/68 HPs)
             Began as a Gargoyle Gladiator on Nov 23, 2017.
             Was an Elder of Qazlal.
             Mangled by an ogre
             ... wielding a +0 giant spiked club
              (16 damage)
             ... on level 1 of the Orcish Mines.
             The game lasted 01:07:34 (8848 turns).

Lanoc the Slicer (Gargoyle Gladiator)               Turns: 8848, Time: 01:07:35

Health: -11/68     AC: 24    Str: 21    XL:     11   Next: 35%
Magic:  11/11      EV: 11    Int:  9    God:    Qazlal [****..]
Gold:   578        SH:  5    Dex: 14    Spells: 10/10 levels left

rFire    . . .     SeeInvis .   m - +2 short sword (drain)
rCold    . . .     Gourm    .   (no shield)
rNeg     + . .     Faith    .   S - +1 chain mail "Pebeilau" {Dex+3}
rPois    ∞         Spirit   .   c - +0 helmet
rElec    +         Reflect  .   y - +2 cloak
rCorr    .         Harm     .   (no gloves)
MR       +....                  (no boots)
Stlth    ..........             u - amulet of magic regeneration
Regen    0.3/turn               r - ring of wizardry
MPRegen  0.2/turn               (no ring)

@: repel missiles
A: iridescent scales 1, magic resistance 1, negative energy resistance 1,
electricity resistance, unbreathing, petrification resistance, rot immunity, AC
+7
a: Upheaval, Elemental Force, Renounce Religion


You were on level 1 of the Orcish Mines.
You worshipped Qazlal.
Qazlal was greatly pleased with you.
You were not hungry.

You visited 2 branches of the dungeon, and saw 10 of its levels.
You also visited: Ossuary.

You collected 578 gold pieces.

Inventory:

Hand Weapons
 h - a +4 dagger
 m - a +2 short sword of draining (weapon)
 s - a +1 flail of protection
 A - a +0 dagger of holy wrath
 I - a +0 dire flail
Missiles
 d - 4 throwing nets (quivered)
 x - 2 exploding tomahawks
 H - 2 tomahawks
Armour
 c - a +0 helmet (worn)
 y - a +2 cloak (worn)
 S - the +1 chain mail "Pebeilau" (worn) {Dex+3}
   (You found it on level 10 of the Dungeon)

   It affects your dexterity (+3).
 T - the +4 ring mail of Articulation {rElec rN++ MP+9 Int-2}
   (You found it on level 10 of the Dungeon)

   It affects your intelligence (-2).
   It insulates you from electricity.
   It greatly protects you from negative energy.
   It affects your magic capacity (+9).
Jewellery
 q - an uncursed amulet of rage
 r - a ring of wizardry (left hand)
 u - an amulet of magic regeneration (around neck)
 K - an uncursed ring of protection from fire {unknown}
Wands
 n - a wand of confusion (24/48)
 C - a wand of enslavement (24/24)
 O - a wand of polymorph (13/24)
 U - a wand of acid (6/15)
Scrolls
 a - a scroll of fog
 b - a scroll of recharging
 e - 2 scrolls of identify
 g - 5 scrolls of teleportation
 i - 2 scrolls of enchant armour
 j - 2 scrolls of amnesia {unknown}
 k - 3 scrolls of remove curse
 t - 2 scrolls of blinking {unknown}
 B - a scroll of fear {unknown}
 F - 2 scrolls of noise {unknown}
 G - a scroll of enchant weapon {unknown}
 M - 4 scrolls of magic mapping
 Q - a scroll of brand weapon {unknown}
Potions
 l - 3 potions of flight
 p - 2 potions of degeneration {unknown}
 v - a potion of invisibility {unknown}
 w - 2 potions of haste {unknown}
 z - a potion of lignification
 J - a potion of ambrosia
 N - 3 potions of agility
 P - a potion of curing
 R - a potion of brilliance
Books
 V - a book of Geomancy

   Spells                             Type                      Level
   a - Sandblast                      Earth                        1
   b - Passwall                       Transmutation/Earth          2
   c - Stone Arrow                    Conjuration/Earth            3
   d - Petrify                        Transmutation/Earth          4
   e - Lee's Rapid Deconstruction     Earth                        5
Comestibles
 f - 7 bread rations
 o - 4 royal jellies
 D - 3 chunks of flesh
 E - 4 meat rations


   Skills:
 + Level 8.1 Fighting
 + Level 10.7 Short Blades
   Level 3.6 Axes
 + Level 2.0 Throwing
 + Level 4.5 Armour
 + Level 7.4 Dodging
 + Level 4.4 Stealth
 + Level 0.4 Invocations
 + Level 0.1 Evocations


You had 10 spell levels left.
You didn't know any spells.

Dungeon Overview and Level Annotations

Branches:
Dungeon (11/15)            Temple (0/1) D:5             Orc (1/2) D:11
   Lair: D:8-11

Altars:
Qazlal
Trog
Uskayaw
The Shining One

Shops:
D:6 (   Orc:1 }


Innate Abilities, Weirdness & Mutations

You are resistant to torment.
Your stone body is resilient. (AC +7)
You are immune to poison.
You resist negative energy. (rN+)
You are resistant to electric shocks. (rElec)
You can survive without breathing.
You are immune to petrification.
You are immune to rotting.
You are partially covered in iridescent scales. (AC +2)
You are resistant to hostile enchantments. (MR+)


Message History

The orc warrior hits you but does no damage.
The ogre barely misses you.
You puncture the ogre!
The ogre is heavily wounded.
You block the ogre's attack. The orc hits you but does no damage.
The ogre is struck by lightning.
The ogre closely misses you.
You hear a shout! x3
You hit the ogre.
The ogre is heavily wounded.
The orc warrior hits you with a glaive.
* * * LOW HITPOINT WARNING * * *
You puncture the ogre! You drain the ogre!
You kill the ogre!
Qazlal accepts your kill. The orc hits you but does no damage.
The orc priest mumbles some strange prayers to Beogh against you.
Beogh smites you!
* * * LOW HITPOINT WARNING * * *
The ogre hits you with a giant spiked club!
You die...

.$#. ..... .
$.$.. .. #.o...
... oo...$
....#####Co....
....$§.oOo.....
#..$..o@o.#
####..[§O##
#.§....#
#...∩...#
#.......#
.....##...
...... ....
...#.. .....
...### #.#...


You could see a stone giant, 3 orc warriors, 2 ogres, an orc priest and 4 orcs.

Vanquished Creatures
  The ghost of Lanoc the Slinger, a novice HaHu of Xom (D:7)
  The ghost of homeworkjunkie the Ruffian, a novice TrMo of Okawaru (D:6)
  Joseph (D:7)
  4 trolls
  A hippogriff (D:11)
  A spriggan (D:7)
  5 yaks (D:10)
  A wyvern (D:10)
  Menkaure (D:4)
  11 orc warriors
  A black bear (D:6)
  2 eyes of draining (D:4)
  2 ice beasts (D:10)
  13 ogres
  A centaur (D:5)
  A necrophage (D:10)
  3 phantoms
  3 elf zombies
  3 big kobolds
  2 gnoll sergeants (D:11)
  An elf skeleton (D:7)
  4 scorpions
  A water moccasin skeleton (D:10)
  A howler monkey (D:4)
  2 crimson imps (D:6)
  A centaur zombie (D:7)
  3 hounds
  A bullfrog skeleton (D:5)
  A jelly (D:5)
  5 orc priests
  Crazy Yiuf (D:2)
  3 centaur skeletons
  2 orc wizards (D:11)
  2 iguanas (D:5)
  2 human skeletons (D:7)
  7 worker ants
  A hound zombie (Ossuary)
  4 mummies (Ossuary)
  A worker ant zombie (D:5)
  Robin (D:2)
  A howler monkey zombie (D:6)
  12 gnolls
  7 adders
  3 oozes
  2 adder zombies (Ossuary)
  An adder skeleton (D:6)
  A worm (D:5)
  A dart slug (D:3)
  6 leopard geckos
  32 orcs
  5 ball pythons
  8 giant cockroaches
  11 goblins
  9 hobgoblins
  10 jackals (D:3)
  13 kobolds
  7 bats
  13 frilled lizards
  3 goblin zombies (Ossuary)
  A hobgoblin zombie (Ossuary)
  A kobold zombie (Ossuary)
  An orc skeleton (D:7)
  2 orc zombies
  5 rats
  A rat zombie (Ossuary)
  A fungus (D:2)
  8 plants (D:1)
267 creatures vanquished.

Notes
Turn   | Place    | Note
-------+----------+-------------------------------------------
     0 | D:1      | Lanoc the Gargoyle Gladiator began the quest for the Orb.
     0 | D:1      | Reached XP level 1. HP: 12/12 MP: 1/1
   165 | D:1      | Reached XP level 2. HP: 12/17 MP: 2/2
   320 | D:1      | Reached XP level 3. HP: 16/22 MP: 3/3
   880 | D:2      | Noticed Robin
   894 | D:2      | Killed Robin
   894 | D:2      | Reached skill level 1 in Armour
   894 | D:2      | Reached XP level 4. HP: 12/27 MP: 4/4
  1380 | D:2      | Found a glowing golden altar of the Shining One.
  1380 | D:2      | Found a stormy altar of Qazlal.
  1390 | D:2      | Became a worshipper of Qazlal Stormbringer
  1427 | D:2      | Found a runed door.
  1450 | D:2      | Noticed Crazy Yiuf
  1460 | D:2      | Killed Crazy Yiuf
  1672 | D:3      | Reached XP level 5. HP: 32/32 MP: 5/5
  1719 | D:3      | Reached skill level 1 in Short Blades
  2121 | D:3      | Reached skill level 1 in Stealth
  2123 | D:3      | Reached * piety under Qazlal
  2156 | D:3      | Reached skill level 2 in Short Blades
  2163 | D:3      | Reached XP level 6. HP: 33/37 MP: 6/6
  2742 | D:4      | Reached skill level 3 in Short Blades
  2942 | D:4      | Found a bloodstained altar of Trog.
  2942 | D:4      | Noticed an eye of draining
  2942 | D:4      | Noticed an eye of draining
  2957 | D:4      | Noticed Menkaure
  2963 | D:4      | Killed an eye of draining
  2963 | D:4      | Reached XP level 7. HP: 34/41 MP: 0/7
  3002 | D:4      | Killed Menkaure
  3002 | D:4      | Reached skill level 4 in Short Blades
  3217 | D:4      | Reached ** piety under Qazlal
  3241 | D:4      | Reached skill level 5 in Short Blades
  3241 | D:4      | Reached XP level 8. HP: 22/48 MP: 8/8
  3843 | D:5      | Entered Level 5 of the Dungeon
  4059 | D:5      | Reached skill level 6 in Short Blades
  4122 | D:5      | Found a staircase to the Ecumenical Temple.
  4545 | D:5      | Reached skill level 5 in Fighting
  4545 | D:5      | Reached XP level 9. HP: 49/54 MP: 9/9
  4721 | D:6      | Reached skill level 7 in Short Blades
  4744 | D:6      | Reached skill level 5 in Dodging
  4826 | D:6      | Noticed homeworkjunkie's ghost (novice TrMo)
  4851 | D:6      | HP: 3/81 [homeworkjunkie's ghost (10)]
  4853 | D:6      | HP: 1/81 [homeworkjunkie's ghost (2)]
  4857 | D:6      | Killed homeworkjunkie's ghost
  4986 | D:6      | Reached *** piety under Qazlal
  4999 | D:6      | Reached skill level 8 in Short Blades
  5528 | D:6      | Found Nineuty's Weapon Shoppe.
  5819 | D:7      | Noticed Joseph
  5841 | D:7      | Killed Joseph
  5944 | D:7      | Noticed Lanoc's ghost (novice HaHu)
  6044 | D:7      | Killed Lanoc's ghost
  6044 | D:7      | Reached skill level 9 in Short Blades
  6044 | D:7      | Reached XP level 10. HP: 20/61 MP: 8/10
  6149 | D:7      | Found a sand-covered staircase.
  6176 | Ossuary  | Entered an ossuary
  6216 | Ossuary  | Gained mutation: You are partially covered in iridescent scales. (AC +2) [potion of mutation]
  6216 | Ossuary  | Gained mutation: You are resistant to hostile enchantments. (MR+) [potion of mutation]
  6739 | D:7      | Found a hide-covered altar of Uskayaw.
  7080 | D:7      | You fall through a shaft for 3 floors!
  7080 | D:10     | Entered Level 10 of the Dungeon
  7202 | D:10     | Got a bloodstained chain mail
  7213 | D:10     | Identified the cursed +1 chain mail "Pebeilau" {Dex+3} (You found it on level 10 of the Dungeon)
  7238 | D:10     | Reached **** piety under Qazlal
  7567 | D:10     | Got a tiger eye-encrusted ring mail
  7805 | D:10     | Identified the +4 ring mail of Articulation {rElec rN++ MP+9 Int-2} (You found it on level 10 of the Dungeon)
  8020 | D:11     | Reached skill level 10 in Short Blades
  8183 | D:11     | Reached XP level 11. HP: 67/67 MP: 11/11
  8634 | D:11     | Found a staircase to the Orcish Mines.
  8660 | Orc:1    | Entered Level 1 of the Orcish Mines
  8660 | Orc:1    | Found Meull's Gadget Emporium.
  8834 | Orc:1    | Noticed a stone giant
  8848 | Orc:1    | Mangled by an ogre

Skill      XL: |  1  2  3  4  5  6  7  8  9 10 11 |
---------------+----------------------------------+-----
Axes           | 3 |  3.6
Armour         | 1 2 3 4 |  4.5
Fighting       | 3 4 5 6 7 8 |  8.1
Dodging        | 3 4 6 7 |  7.4
Short Blades   | 2 3 5 6 9 10 | 10.7
Stealth        | 1 2 4 |  4.4
Throwing       | 2 |  2.0
Invocations    | |  0.4
Evocations     | |  0.1

Action                   |  1- 3 |  4- 6 |  7- 9 | 10-12 || total
-------------------------+-------+-------+-------+-------++-------
Melee: War axe           |   212 |       |       |       ||   212
       Short sword       |       |   212 |   473 |   537 ||  1222
Throw: Throwing net      |       |       |     2 |       ||     2
Invok: Upheaval          |       |       |     1 |       ||     1
 Abil: Evoke Berserk Rag |       |     1 |       |       ||     1
  Use: Potion            |       |       |     5 |    11 ||    16
       Scroll            |       |       |       |    12 ||    12
 Stab: Sleeping          |       |     2 |       |       ||     2
       Held in net/web   |       |       |     1 |       ||     1
  Eat: Chunk             |     1 |     7 |     4 |     3 ||    15
       Bread ration      |       |     1 |     1 |     1 ||     3
Armor: Leather armour    |    37 |       |       |       ||    37
       Animal skin       |       |    59 |   118 |    44 ||   221
       Skin              |       |       |     5 |    15 ||    20
       Chain mail        |       |       |       |   131 ||   131
Dodge: Dodged            |    73 |   125 |   153 |   213 ||   564
       Deflected         |       |       |       |     3 ||     3
Block: Other             |       |     1 |    37 |    89 ||   127
